 Dungeon Crawl Stone Soup version 0.30-a0-996-ga6910c8ee8 (webtiles) character file.

Game seed: 11672520076037424799

1004 BigDaddyOpFi the Covered (level 8, -10/71 HPs)
             Began as an Armataur Fighter on Apr 4, 2023.
             Was an Initiate of Qazlal.
             Mangled by Menkaure (15 damage)
             ... on level 5 of the Dungeon.
             The game lasted 00:08:15 (6155 turns).

BigDaddyOpFi the Covered (Armataur Fighter)         Turns: 6155, Time: 00:08:15

Health: -10/71     AC: 13    Str: 24 (28) XL:     8   Next: 0%
Magic:  10/10      EV:  6    Int:  6 (8)  God:    Qazlal [......]
Gold:   244        SH:  6    Dex:  3 (8)  Spells: 7/7 levels left

rFire   . . .      SeeInvis .    a - +0 war axe
rCold   . . .      Faith    +    c - +2 buckler
rNeg    . . .      Spirit   .    h - +1 chain mail
rPois   .          Reflect  .    (helmet restricted)
rElec   +          Roll     +    (no cloak)
rCorr   +          Clarity  +    t - +0 pair of gloves
Will    +....                    (no barding) Stlth
                                 q - amulet of faith
HPRegen 0.31/turn                f - ring of resist corrosion
MPRegen 0.12/turn                (no ring)

@: no status effects
A: large, rugged brown scales 3, deformed body, armoured tail, roll, long
tongue, awkward tongue, horns 1, stinger 1, iridescent scales 1, clarity,
strong-willed 1, electricity resistance, strong 1
a: Renounce Religion


You were on level 5 of the Dungeon.
You worshipped Qazlal.
Qazlal was noncommittal.
You visited 2 branches of the dungeon, and saw 6 of its levels.

You collected 244 gold pieces.

Inventory:

Hand Weapons
 a - a +0 war axe (weapon)
Armour
 c - a +2 buckler (worn)
 h - a +1 chain mail (worn)
 t - a +0 pair of gloves (worn)
Jewellery
 f - a ring of resist corrosion (left hand)
 q - an amulet of faith (around neck)
Wands
 o - a wand of polymorph (8)
 p - a wand of charming (9)
Scrolls
 b - 2 scrolls of teleportation
 e - 2 scrolls of silence
 m - 2 scrolls of identify
Potions
 d - a potion of flight
 l - a potion of brilliance


   Skills:
 + Level 4.7 Fighting
 + Level 3.8 Axes
 + Level 6.3 Armour
 + Level 5.8 Shields
 * Level 2.8 Invocations


You had 7 spell levels left.
You didn't know any spells.
Your spell library contained the following spells:

 Spells                   Type           Power      Damage    Failure   Level
 Sublimation of Blood     Necr           0%         N/A       99%         2
 Petrify                  Tmut/Erth      0%         N/A       100%        4
 Irradiate                Conj/Tmut      0%         3d11      100%        5


Dungeon Overview and Level Annotations

Branches:
Dungeon (5/15)             Temple (1/1) D:4

Altars:
Ashenzari
Elyvilon
Fedhas
Kikubaaqudgha
Okawaru
Qazlal
Sif Muna
Trog
Uskayaw
Wu Jian
Yredelemnul
Zin

Shops:
D:1 !

Annotations:
D:5 Menkaure, Sigmund


Innate Abilities, Weirdness & Mutations

You are completely covered in rugged brown scales. (AC +3, +7% HP)
Armour fits poorly on your strangely shaped body.
You have a long armoured tail.
You roll when moving toward enemies. (Rampage)
Your long tongue fully drains potion bottles. (2x potion effects)
Your tongue gives you trouble enunciating. (1.5x scroll delay)
You have a pair of small horns on your head.
Your tail ends in a venomous barb.
You are partially covered in iridescent scales. (AC +2)
You possess an exceptional clarity of mind.
You are strong-willed. (Will+)
You are resistant to electric shocks. (rElec)
Your muscles are strong. (Str +4, Int/Dex -1)


Message History

The shadow imp disappears in a puff of smoke!
The river rat disappears in a puff of smoke!
You feel your strength returning.
You have reached level 8!
You feel stronger.
You start resting.
Menkaure is nearby!
Okay, then.
Okay, then.
Things that are here:
a +0 rapier; a +3 leather armour of fire resistance You start waiting.
Done waiting.
You start waiting.
Done waiting.
Menkaure shouts!
You start waiting.
Menkaure is nearby!
Menkaure is nearby!
Menkaure calls on the powers of darkness!
Your body is wracked with pain!
You hit Menkaure. Your headbutt misses Menkaure. You tail-slap Menkaure.
Menkaure is moderately damaged.
Menkaure mumbles some strange words.
Menkaure seems to speed up.
You hit Menkaure. You headbutt Menkaure.
Menkaure is heavily damaged.
You block Menkaure's attack.
You hit Menkaure.
Menkaure is severely damaged.
You block Menkaure's attack.
Menkaure calls on the powers of darkness!
Your body is wracked with pain!
* * * LOW HITPOINT WARNING * * *
You hit Menkaure.
Menkaure is almost destroyed.
Menkaure hits you!
* * * LOW HITPOINT WARNING * * *
Menkaure hits you!
You die...

##.........#######'##.#####.#....
##.............).....# #.#..#.
##.....########.#.### #.#.##.
#....## #...# #....#. ###.#'##
#.### #.#.##. ##...#.# #.#
#.#.##. #...##.# #.# ##......
...###.## #######M# #.......
))###...###.....@.# #.##.##.
.###.....##.####### #.##.##.
#####...# #.# #.##.... ....##.#
##.## #.#####. ###.##.###...# #.#
#. #..........# #.#####.
####.###...# #....... #.# #####
######## #.#


You could see Menkaure (fast).

Vanquished Creatures
  Grinder (D:3)
  Eustachio (D:5)
  A sky beast (D:5)
  2 scorpions (D:5)
  A vampire bat (D:4)
  A howler monkey (D:5)
  4 orc priests
  An iguana (D:4)
  A sleepcap (D:5)
  2 orc wizards
  3 adders
  An ufetubus (D:4)
  6 dart slugs
  7 orcs
  13 bats
  15 endoplasms
  5 giant cockroaches
  8 hobgoblins
  3 quokkas
  14 ball pythons
  7 frilled lizards
  3 goblins
  4 kobolds
  8 rats
112 creatures vanquished.

Notes
Turn   | Place    | Note
-------+----------+-------------------------------------------
     0 | D:1      | BigDaddyOpFi the Armataur Fighter began the quest for the
                  | Orb.
     0 | D:1      | Reached XP level 1. HP: 19/19 MP: 1/1
   166 | D:1      | Reached XP level 2. HP: 26/26 MP: 2/2
   349 | D:1      | Reached skill level 4 in Armour
   408 | D:1      | Found a faded altar of an unknown god.
   510 | D:1      | Found Yxobemink's Distillery.
   565 | D:1      | Reached XP level 3. HP: 31/33 MP: 3/3
  1676 | D:3      | Noticed Grinder
  1684 | D:3      | Killed Grinder
  1685 | D:3      | Reached skill level 5 in Armour
  1685 | D:3      | Reached XP level 4. HP: 38/42 MP: 4/4
  1685 | D:3      | Reached XP level 5. HP: 44/49 MP: 5/5
  1685 | D:3      | Reached XP level 6. HP: 50/55 MP: 6/6
  2546 | D:4      | Found a staircase to the Ecumenical Temple.
  2798 | D:4      | Noticed a sky beast
  2799 | D:4      | Reached skill level 5 in Shields
  2804 | D:5      | Entered Level 5 of the Dungeon
  3069 | D:5      | Killed a sky beast
  3517 | D:4      | Reached XP level 7. HP: 59/63 MP: 7/7
  3523 | D:4      | Gained mutation: You are weak. (Str -2) [potion of
                  | mutation]
  3523 | D:4      | Gained mutation: Your tail ends in a venomous barb. [potion
                  | of mutation]
  3523 | D:4      | Gained mutation: Your body sometimes deteriorates upon
                  | taking damage. [potion of mutation]
  3523 | D:4      | Gained mutation: You have hidden genetic defects. [potion
                  | of mutation]
  3523 | D:4      | Gained mutation: Your flesh is heat resistant. (rF+)
                  | [potion of mutation]
  3523 | D:4      | Gained mutation: You passively map a small area around you.
                  | [potion of mutation]
  3524 | D:4      | Lost mutation: Your flesh is heat resistant. (rF+) [potion
                  | of mutation]
  3524 | D:4      | Lost mutation: Your body sometimes deteriorates upon taking
                  | damage. [potion of mutation]
  3524 | D:4      | Lost mutation: You have hidden genetic defects. [potion of
                  | mutation]
  3524 | D:4      | Lost mutation: You passively map a small area around you.
                  | [potion of mutation]
  3524 | D:4      | Lost mutation: You are weak. (Str -2) [potion of mutation]
  3524 | D:4      | Lost mutation: Your tail ends in a venomous barb. [potion
                  | of mutation]
  3524 | D:4      | Gained mutation: You are clumsy. (Dex -2) [potion of
                  | mutation]
  3524 | D:4      | Gained mutation: Your spells are a little easier to cast,
                  | but a little less powerful. [potion of mutation]
  3524 | D:4      | Gained mutation: You are vulnerable to heat. (rF-) [potion
                  | of mutation]
  3524 | D:4      | Lost mutation: You are clumsy. (Dex -2) [potion of
                  | mutation]
  3524 | D:4      | Gained mutation: You have hidden genetic potential. [potion
                  | of mutation]
  3524 | D:4      | Gained mutation: You have a beak for a mouth. [potion of
                  | mutation]
  3717 | Temple   | Entered the Ecumenical Temple
  3808 | Temple   | Became a worshipper of Qazlal Stormbringer
  4074 | D:5      | Reached skill level 1 in Invocations
  4133 | D:5      | Noticed Menkaure
  4376 | D:5      | Found a broken altar of Ashenzari.
  4420 | D:5      | Reached skill level 6 in Armour
  4838 | D:5      | Noticed Eustachio
  4840 | D:5      | Noticed Sigmund
  4865 | D:5      | Lost mutation: You have hidden genetic potential. [potion
                  | of mutation]
  4865 | D:5      | Lost mutation: You have a beak for a mouth. [potion of
                  | mutation]
  4865 | D:5      | Lost mutation: You are vulnerable to heat. (rF-) [potion of
                  | mutation]
  4865 | D:5      | Lost mutation: Your spells are a little easier to cast, but
                  | a little less powerful. [potion of mutation]
  4865 | D:5      | Gained mutation: You have a pair of small horns on your
                  | head. [potion of mutation]
  4865 | D:5      | Gained mutation: You are resistant to electric shocks.
                  | (rElec) [potion of mutation]
  4865 | D:5      | Gained mutation: You are partially covered in iridescent
                  | scales. (AC +2) [potion of mutation]
  4865 | D:5      | Gained mutation: Your muscles are strong. (Str +4, Int/Dex
                  | -1) [potion of mutation]
  4865 | D:5      | Gained mutation: Your tail ends in a venomous barb. [potion
                  | of mutation]
  4865 | D:5      | Gained mutation: You possess an exceptional clarity of
                  | mind. [potion of mutation]
  4865 | D:5      | Gained mutation: You are strong-willed. (Will+) [potion of
                  | mutation]
  5915 | D:5      | Killed Eustachio
  5916 | D:5      | Reached XP level 8. HP: 71/71 MP: 8/10
  6155 | D:5      | Mangled by Menkaure

Illustrated notes

Levels and vault maps discovered:
D:1:      psy_arrival_fountain, layout_loops_cross, serial_shops, shop,
          hellmonk_ecumenical_altar_pennies_from_heaven
D:2:      layout_basic, kennysheep_generic_room_3
D:3:      layout_loops_ring, uniq_crazy_yiuf_cottage, uniq_grinder
D:4:      layout_cave_pools, minmay_temple_entry_tees, minmay_crystal_water,
          roderic_batcave, skrybe_limestone_x
D:5:      layout_loops_corners, lemuel_coloured_pillars_altar,
          nrook_mini_backslash, minivault_25, uniq_eustachio, uniq_sigmund,
          uniq_menkaure
Temple:   mainiacjoe_temple_bowtie_tessellation

Skill      XL: |  1  2  3  4  5  6  7 |
---------------+----------------------+-----
Armour         | 4 5 6 |  6.3
Fighting       | 3 4 |  4.7
Axes           | 2 3 |  3.8
Shields        | 4 5 |  5.8
Invocations    | 2 |  2.8

Action                     |  1- 3 |  4- 6 |  7- 9 || total
---------------------------+-------+-------+-------++-------
  Melee: War axe           |   146 |   109 |   100 ||   355
         Tailslap          |    11 |     7 |     6 ||    24
         Peck              |       |       |     6 ||     6
         Headbutt          |       |       |     4 ||     4
    Use: Scroll            |     8 |     4 |     5 ||    17
         Potion            |       |     3 |     9 ||    12
 Armour: Scale mail        |    74 |    79 |    30 ||   183
         Chain mail        |       |       |    20 ||    20
  Dodge: Dodged            |    53 |    35 |    34 ||   122
  Block: Buckler           |    24 |    33 |    30 ||    87

Table legend: (Time is in decaauts)
 A = Elapsed time spent in this place.
 B = Non-inter-level travel time spent in this place.
 C = Inter-level travel time spent in this place.
 D = Time resting spent in this place.
 E = Time spent auto-exploring this place.
 F = Levels seen in this place.
 G = Mean time per level.
                   A        B        C        D        E       F      G
               +--------+--------+--------+--------+--------+-----+--------+
         Total |   6303 |   6119 |    184 |   1919 |   2730 |   6 | 1050.5 |
       Dungeon |   6169 |   6028 |    141 |   1919 |   2662 |   5 | 1233.8 |
        Temple |    134 |     91 |     43 |      0 |     68 |   1 |  134.0 |
               +--------+--------+--------+--------+--------+-----+--------+

Top non-repeatable levels by time:
     D:5: 2437 daAuts
     D:4: 1272 daAuts
     D:2: 882 daAuts
     D:3: 792 daAuts
     D:1: 783 daAuts
  Temple: 134 daAuts
